 Dungeon Crawl Stone Soup version 0.25.1-8-g42b30a86e7 (webtiles) character file.

Game seed: 533689888969589812

36 Clowwww the Shield-Bearer (level 3, -1/29 HPs)
             Began as a Demonspawn Fighter on Dec 8, 2020.
             Killed from afar by Ijyb (15 damage)
             ... with a bolt of acid
             ... on level 3 of the Dungeon.
             The game lasted 00:02:55 (1570 turns).

Clowwww the Shield-Bearer (Demonspawn Fighter)      Turns: 1570, Time: 00:02:55

Health: -1/29      AC:  5    Str: 17    XL:     3   Next: 19%
Magic:  3/3        EV:  7    Int:  9    God:
Gold:   105        SH:  9    Dex: 12    Spells: 2/2 levels left

rFire    . . .     SeeInvis .   a - +0 war axe
rCold    . . .     Gourm    .   c - +0 kite shield
rNeg     . . .     Faith    .   b - +0 scale mail
rPois    .         Spirit   .   (no helmet)
rElec    .         Reflect  .   j - scarf {repulsion}
rCorr    .         Harm     .   k - +0 pair of gloves
MR       .....                  (no boots)
Stlth    ..........             (no amulet)
HPRegen  0.09/turn              (no ring)
MPRegen  0.08/turn              (no ring)

@: corroded, repel missiles
A: yellow scales 1
a: no special abilities


You were on level 3 of the Dungeon.
You were not hungry.

You visited 1 branch of the dungeon, and saw 3 of its levels.

You collected 105 gold pieces.

Inventory:

Hand Weapons
 a - a +0 war axe (weapon)
Armour
 b - a +0 scale mail (worn)
 c - a +0 kite shield (worn)
 j - a scarf of repulsion (worn)
 k - a +0 pair of gloves (worn)
Scrolls
 h - 3 scrolls of identify {unknown}
 l - a scroll of teleportation {unknown}
 o - a scroll of blinking {unknown}
 p - a scroll of magic mapping {unknown}
 q - a scroll of noise {unknown}
Potions
 d - 2 potions of might
 e - 4 potions of curing {unknown}
 i - a potion of ambrosia {unknown}
 m - 2 potions of resistance {unknown}
 n - a potion of flight {unknown}
Comestibles
 f - 6 rations


   Skills:
 + Level 3.0 Fighting
 + Level 2.3 Axes
 + Level 2.9 Armour
 + Level 0.6 Dodging
 + Level 3.2 Shields


You had 2 spell levels left.
You didn't know any spells.
Your spell library was empty.

Dungeon Overview and Level Annotations

Branches:
Dungeon (3/15)

Altars:

Annotations:
D:3 Ijyb


Innate Abilities, Weirdness & Mutations

You are partially covered in yellow scales. (AC +2)


Message History

Ijyb the Twisted Goblin comes into view.
She is wielding a +0 club and carrying a wand of acid (10).
Ijyb shouts!
Ijyb hits you but does no damage.
You see here a scroll labeled ZUIFFO RAEP.
You closely miss Ijyb. Ijyb hits you but does no damage.
An orc comes into view.
The orc shouts!
You hit Ijyb but do no damage. You block Ijyb's attack.
You hit Ijyb.
Ijyb is moderately wounded.
Ijyb zaps a wand.
The bolt of acid hits you. The acid corrodes you!
You are splashed with acid!
Ijyb hits you but does no damage.
Your shield and scale mail prevent you from hitting Ijyb.
Ijyb is moderately wounded.
Ijyb zaps a wand.
The bolt of acid is repelled.
You barely miss Ijyb.
Ijyb is moderately wounded.
Ijyb zaps a wand.
The bolt of acid hits you!
Ouch! That really hurt!
You die...

#........#
#.#'######
#.#.# #.#.#
##.#.#####
#........#
#........#
#........#
+...@....#
#..g.)...#
#...o.......
#.......(###
#........#
#........#
#........#
..ยง......#


You could see Ijyb and an orc.

Vanquished Creatures
  2 dart slugs (D:1)
  A ball python (D:1)
  10 bats
  3 giant cockroaches (D:1)
  3 goblins (D:1)
  6 hobgoblins (D:1)
  A kobold (D:1)
  4 rats
30 creatures vanquished.

Notes
Turn   | Place    | Note
-------+----------+-------------------------------------------
     0 | D:1      | Clowwww the Demonspawn Fighter began the quest for the Orb.
     0 | D:1      | Reached XP level 1. HP: 18/18 MP: 1/1
   268 | D:1      | Gained mutation: You are partially covered in yellow
                  | scales. (AC +2) [demonic ancestry]
   268 | D:1      | Reached XP level 2. HP: 24/24 MP: 2/2
   812 | D:1      | Reached XP level 3. HP: 29/29 MP: 3/3
  1562 | D:3      | Noticed Ijyb
  1570 | D:3      | Killed from afar by Ijyb

Illustrated notes

Levels and vault maps discovered:
D:1:      minmay_arrival_jagged, layout_basic
D:2:      layout_basic, st_stairs_2, uniq_terence
D:3:      minmay_wonky_spiral, layout_basic, fiery_altar_vehumet,
          serial_corexii_hall, corexii_hall_statues_x, corexii_hall_statues_t,
          first_ration, uniq_ijyb

Skill      XL: |  1  2 |
---------------+-------+-----
Axes           | 2 |  2.3
Shields        | 3 |  3.2
Fighting       | |  3.0
Armour         | |  2.9
Dodging        | |  0.6

Action                   || total
-------------------------++-------
Melee: War axe           ||   114
  Eat: Chunk             ||     2
Armor: Scale mail        ||    79
Dodge: Dodged            ||    29
       Repelled          ||     1
Block: Kite shield       ||    61
